 Dungeon Crawl Stone Soup version 0.24-a0-586-g8e0e932a4c (webtiles) character file.

Game seed: 8402476201455975874, levelgen mode: deterministic

0 Gargoyl the Skirmisher (level 1, -3/19 HPs)
             Began as a Centaur Abyssal Knight on Sept 8, 2019.
             Was a Follower of Lugonu.
             Slain by a sixfirhy (10 damage)
             ... on level 1 of the Abyss.
             The game lasted 00:00:08 (64 turns).

Gargoyl the Skirmisher (Centaur Abyssal Knight)       Turns: 64, Time: 00:00:09

Health: -3/19      AC:  4    Str: 14    XL:     1   Next: 0%
Magic:  2/2        EV:  9    Int: 11    God:    Lugonu [*.....]
Gold:   0          SH:  0    Dex:  8    Spells: 0/0 levels left

rFire    . . .     SeeInvis .   a - +1 hand axe
rCold    . . .     Gourm    .   (no shield)
rNeg     . . .     Faith    .   b - +0 leather armour
rPois    .         Spirit   .   (no helmet)
rElec    .         Reflect  .   (no cloak)
rCorr    .         Harm     .   (no gloves)
MR       .....                  (no barding)
Stlth    ..........             (no amulet)
HPRegen  0.00/turn              (no ring)
MPRegen  0.08/turn              (no ring)

@: non-regenerating, diseased, very quick
A: large, hooves 3, deformed body, speed 2, tough skin 3
a: Depart the Abyss, Renounce Religion


You were on level 1 of the Abyss.
You worshipped Lugonu.
Lugonu was aware of your devotion.
You were not hungry.

You visited 0 branches of the dungeon, and saw 0 of its levels.
You visited the Abyss 1 time.

Inventory:

Hand Weapons
 a - a +1 hand axe (weapon)
Armour
 b - a +0 leather armour (worn)
Comestibles
 c - a ration


   Skills:
 + Level 3.0 Fighting
 + Level 1.7 Axes
 + Level 1.3 Armour
 + Level 0.6 Dodging
 + Level 2.0 Invocations


You couldn't memorise any spells.
You didn't know any spells.
Your spell library was empty.

Dungeon Overview and Level Annotations

Branches:
Dungeon (0/15)

Altars:


Innate Abilities, Weirdness & Mutations

You have hooves in place of feet.
Armour fits poorly on your strangely shaped body.
You cover ground very quickly.
You have extremely tough skin. (AC +3)


Message History

A tentacled starspawn comes into view.
An eye of draining comes into view.
Tentacles burst from the starspawn's body! 2 starspawn tentacles come into view.
An ancient zyme comes into view.
You feel yourself growing ill in the presence of the ancient zyme.
Found 4 gold pieces.
Found a short sword.
You feel yourself growing ill in the presence of the ancient zyme.
A sixfirhy comes into view.
You feel ill. The sixfirhy barely misses you. The sixfirhy closely misses you.
A great orb of eyes comes into view.
The great orb of eyes turns its gaze towards you.
A worldbinder comes into view.
The sixfirhy hits you!
Ouch! That really hurt!
The sixfirhy shocks you!
Ouch! That really hurt!
You die...

..#.# # # # . ..#...
###.# # #. #.#
#.###...####.#
##.##.####.#.#...#..#
# #..........5......#
.x .
##$..x.#..#..G#.#
#..# ....
5.###..##..#.#..#
..... ..#..###3#...#
....#.#..###. #.@.#
.##..#).## .##.#....#
. 55.. #.#
..###..#...#
.#3#.##.. .## ##.####
...##.#..# ..# .3 #
.. .# .# ..##.# .# .
.#>.... # ## ──###.##


You could see a great orb of eyes, a worldbinder, a sixfirhy and a quasit.

Vanquished Creatures (others)
  2 starspawn tentacles (Abyss:1)
2 creatures vanquished.

Notes
Turn   | Place    | Note
-------+----------+-------------------------------------------
     0 | Abyss:1  | Gargoyl the Centaur Abyssal Knight began the quest for the
                  | Orb.
     0 | Abyss:1  | Reached XP level 1. HP: 19/19 MP: 2/2
    33 | Abyss:1  | Noticed a small abomination
    39 | Abyss:1  | Noticed a neqoxec
    43 | Abyss:1  | Noticed a quasit
    43 | Abyss:1  | Noticed a quasit
    43 | Abyss:1  | Noticed a tentacled starspawn
    43 | Abyss:1  | Noticed an eye of draining
    47 | Abyss:1  | Noticed an ancient zyme
    51 | Abyss:1  | Noticed a sixfirhy
    59 | Abyss:1  | Noticed a great orb of eyes
    64 | Abyss:1  | Noticed a worldbinder
    64 | Abyss:1  | Slain by a sixfirhy

Levels and vault maps discovered:
Abyss:1

Action                   || total
-------------------------++-------
Dodge: Dodged            ||     2

Table legend:
 A = Non-vault XP
 B = Vault XP
 C = Vault XP percentage of total XP
 D = Non-vault monster count
 E = Vault monster count
 F = Vault count percentage of total count
                 A         B        C        D         E       F
            +---------+---------+-------+---------+---------+-------
      Total |       0 |       0 |   N/A |       0 |       0 |  -nan
            +---------+---------+-------+---------+---------+-------
            +---------+---------+-------+---------+---------+-------
